 Dungeon Crawl Stone Soup version 0.28-a0-1594-ga885d4b3d6 (webtiles) character file.

Game seed: 1854715530374746

13489 rogsnak the Thaumaturge (level 12, 0/96 HPs)
             Began as a Naga Air Elementalist on Jan 21, 2022.
             Was an Elder of Sif Muna.
             Slain by a manticore (15 damage)
             ... on level 11 of the Dungeon.
             The game lasted 00:43:15 (16769 turns).

rogsnak the Thaumaturge (Naga Air Elementalist)    Turns: 16769, Time: 00:43:16

Health: 0/96       AC:  9    Str: 11    XL:     12   Next: 6%
Magic:  10/27      EV: 10    Int: 32    God:    Sif Muna [****..]
Gold:   658        SH:  3    Dex: 12    Spells: 17/33 levels left

rFire   . . .      SeeInvis +   W - staff of air
rCold   . . .      Faith    .   V - +0 buckler
rNeg    . . .      Spirit   .   S - +0 steam dragon scales
rPois   +          Reflect  .   s - +0 helmet
rElec   +          Harm     .   (no cloak)
rCorr   .          Rampage  .   x - +1 pair of gloves
Will    +....                   (no barding)
Stlth   ++........              G - amulet of magic regeneration
HPRegen 0.26/turn               n - +6 ring of intelligence
MPRegen 0.60/turn               I - +6 ring of intelligence

@: very slow
A: AC +4, large, see invisible, deformed body, poison resistance, slowness 2,
spit poison 1, naga tail 1
a: Spit Poison, Renounce Religion, Channel Magic, Forget Spell, Divine Exegesis


You were on level 11 of the Dungeon.
You worshipped Sif Muna.
Sif Muna was greatly pleased with you.
You visited 2 branches of the dungeon, and saw 13 of its levels.

You collected 658 gold pieces.

Inventory:

Hand Weapons
 y - a +0 whip of electrocution
 H - a +2 scythe of venom
 Q - a +0 scimitar of flaming
 T - a +5 falchion of freezing
Missiles
 q - 26 poisoned darts
 M - 2 curare-tipped darts
 O - 5 throwing nets
Armour
 a - a +0 robe
 s - a +0 helmet (worn)
 x - a +1 pair of gloves (worn)
 R - a +0 robe of positive energy
 S - +0 steam dragon scales (worn)
 V - a +0 buckler (worn)
Magical Staves
 w - a staff of fire
 W - a staff of air (weapon)
Jewellery
 d - a ring of protection from cold
 h - a ring of protection from cold
 n - a +6 ring of intelligence (left hand)
 G - an amulet of magic regeneration (around neck)
 I - a +6 ring of intelligence (right hand)
Wands
 i - a wand of iceblast (7)
 o - a wand of polymorph (13)
 D - a wand of paralysis (8)
 K - a wand of mindburst (12)
 X - a wand of flame (18)
 Z - a wand of digging (5)
Scrolls
 c - 9 scrolls of identify
 e - 2 scrolls of enchant weapon {unknown}
 g - 4 scrolls of teleportation
 j - 3 scrolls of magic mapping {unknown}
 k - 6 scrolls of fear
 l - 2 scrolls of enchant armour {unknown}
 p - a scroll of immolation {unknown}
 t - a scroll of summoning {unknown}
 u - a scroll of fog {unknown}
 v - 2 scrolls of blinking {unknown}
 F - 2 scrolls of holy word {unknown}
 N - 3 scrolls of noise {unknown}
 P - a scroll of torment {unknown}
 U - a scroll of amnesia {unknown}
 Y - a scroll of vulnerability {unknown}
Potions
 b - 4 potions of attraction {unknown}
 f - 3 potions of berserk rage {unknown}
 m - 4 potions of curing
 r - a potion of resistance {unknown}
 z - 2 potions of haste {unknown}
 A - a potion of might {unknown}
 B - 2 potions of cancellation {unknown}
 C - 4 potions of heal wounds {unknown}
 E - a potion of brilliance {unknown}
 J - a potion of magic {unknown}
 L - 2 potions of lignification {unknown}


   Skills:
 + Level 2.4 Fighting
 + Level 3.3 Dodging
 - Level 3.0 Stealth
 + Level 0.1 Shields
 + Level 11.1 Spellcasting
 * Level 9.8 Conjurations
 - Level 2.0 Translocations
 + Level 10.8 Air Magic
 + Level 0.4 Evocations


You had 17 spell levels left.
You knew the following spells:

 Your Spells              Type           Power      Damage    Failure   Level
a - Shock                 Conj/Air       100%       1d9       1%          1
b - Airstrike             Air            46%        N/A       1%          4
c - Blink                 Tloc           60%        N/A       2%          2
d - Lightning Bolt        Conj/Air       45%        1d65      1%          5
e - Hailstorm             Conj/Ice       49%        3d11      4%          4

Your spell library contained the following spells:

 Spells                   Type           Power      Damage    Failure   Level
 Corpse Rot               Necr/Air       100%       N/A       1%          2
 Poisonous Vapours        Pois/Air       100%       N/A       1%          2
 Static Discharge         Conj/Air       90%        N/A       1%          2
 Swiftness                Air            92%        N/A       1%          3
 Animate Skeleton         Necr           34%        N/A       3%          1
 Freeze                   Ice            68%        1d8       3%          1
 Pain                     Necr           68%        1d7       3%          1
 Summon Lightning Spire   Summ/Air       68%        N/A       3%          4
 Lesser Beckoning         Tloc           30%        N/A       4%          3
 Sublimation of Blood     Necr           17%        N/A       5%          2
 Frozen Ramparts          Ice            34%        1d5       11%         3
 Vampiric Draining        Necr           17%        2d7       11%         3
 Irradiate                Conj/Tmut      24%        3d22      13%         5
 Cause Fear               Hex            8%         N/A       34%         4
 Petrify                  Tmut/Erth      17%        N/A       34%         4
 Manifold Assault         Tloc           30%        N/A       38%         5
 Dragon Form              Tmut           8%         N/A       100%        7
 Dragon's Call            Summ           8%         N/A       100%        9


Dungeon Overview and Level Annotations

Branches:
Dungeon (12/15)            Temple (1/1) D:4            Lair (0/6) D:11
    Orc (0/2) D:11

Altars:
Cheibriados
Dithmenos
Elyvilon
Fedhas
Hepliaklqana
Kikubaaqudgha
Nemelex Xobeh
Okawaru
Sif Muna
Uskayaw
Vehumet
Wu Jian
Xom
The Shining One

Shops:
D:1 =(   D:4 [   D:5 (

Portals:
Trove: D:11 (give crystal plate armour of Uskayaw's Delight)

Annotations:
D:4 1 runed translucent door, issech's ghost, amateur TrFi
D:10 Gastronok
D:11 Snorg


Innate Abilities, Weirdness & Mutations

Your serpentine skin is tough. (AC +4)
You have supernaturally acute eyesight. (SInv)
Armour fits poorly on your strangely shaped body.
Your system is resistant to poisons. (rPois)
You cover ground very slowly.
You can spit poison.
You have a snake-like lower body.


Message History

Casting: Airstrike (safe; 1% risk of failure)
Confirm with . or Enter, or press ? or * to list all spells.
Aiming: Airstrike (safe; 1% risk of failure)
Press: ? - help, Dir - move target, f/p - manticore
Aim: a manticore (heavily wounded, empty space bonus: 1/8)
You feel a surge of power!
The air twists around and strikes the manticore!
The manticore is severely wounded.
The centaur hits you but does no damage.
The centaur kicks you. The manticore barely misses you.
The manticore closely misses you.
The manticore claws you but does no damage.
Casting: Airstrike (safe; 1% risk of failure)
Confirm with . or Enter, or press ? or * to list all spells.
Aiming: Airstrike (safe; 1% risk of failure)
Press: ? - help, Dir - move target, f/p - manticore
Aim: a manticore (severely wounded, empty space bonus: 1/8)
You feel a surge of power!
The air twists around and strikes the manticore!
The manticore is severely wounded.
The centaur closely misses you. The centaur barely misses you.
You block the centaur's attack.
The centaur kicks you but does no damage.
The manticore bites you.
* * * LOW HITPOINT WARNING * * *
The manticore claws you but does no damage.
The manticore claws you!
* * * LOW HITPOINT WARNING * * *
Casting: Airstrike (safe; 1% risk of failure)
Confirm with . or Enter, or press ? or * to list all spells.
Aiming: Airstrike (safe; 1% risk of failure)
Press: ? - help, Dir - move target, f/p - manticore
Aim: a manticore (severely wounded, empty space bonus: 1/8)
You feel a surge of power!
The air twists around and strikes the manticore!
The manticore is almost dead.
The centaur hits you.
* * * LOW HITPOINT WARNING * * *
The centaur misses you. The manticore bites you!
You die...

# # ## ###### ######
.# #@H..# ###.....
.######## #c##.#
##.#.#.## ........#
###c##.# ##....#.##
..#####.#
#......####.....#.##
..# #.#
#.#.#.............##
..#####.#
#.#.##.######.#.####
.....##.# #.#....#
#.#.# # #.##[##>#
#.###### #.#.####
#.##.##.# #.#
##'#.....


You could see a manticore and 2 centaurs.

Vanquished Creatures
  Harold (D:11)
  A centaur warrior (D:9)
  Erica (D:8)
  2 two-headed ogres
  Pikel (D:5)
  2 manticores (D:11)
  A cyclops (D:11)
  Maggie (D:8)
  Joseph (D:10)
  An unseen horror (D:11)
  Psyche (D:8)
  A troll (D:8)
  Prince Ribbit (D:8)
  3 wraiths
  Sigmund (D:6)
  A shadow (D:8)
  2 wyverns
  10 yaks
  2 vampire mosquitoes (D:8)
  A steam dragon (D:7)
  Menkaure (D:6)
  A water moccasin (D:7)
  2 ice beasts (D:6)
  4 ogres
  4 orc warriors
  A black bear (D:6)
  A sky beast (D:7)
  A necrophage (D:7)
  7 centaurs
  3 kobold brigands
  A lemure (D:5)
  2 bullfrogs
  A wyvern zombie (D:6)
  A scorpion (D:6)
  A wyvern skeleton (D:6)
  2 water moccasin skeletons
  3 water moccasin zombies (D:6)
  5 wights (D:8)
  7 howler monkeys
  2 jellies
  7 centaur zombies
  3 orc priests
  2 centaur skeletons
  A scorpion zombie (D:5)
  Natasha (thrice) (D:2)
  A gnoll shaman (D:6)
  7 orc wizards
  2 howler monkey zombies
  13 gnolls
  6 adders
  A white imp (D:5)
  3 worms
  2 dart slugs
  24 orcs
  2 bats (D:1)
  3 endoplasms
  5 giant cockroaches
  26 goblins
  29 hobgoblins
  28 kobolds
  7 quokkas
  10 ball pythons
  7 rats
  A bush (D:2)
278 creatures vanquished.

Vanquished Creatures (others)
  27 plants
  6 withered plants (D:6)
33 creatures vanquished.

Grand Total: 311 creatures vanquished

Notes
Turn   | Place    | Note
-------+----------+-------------------------------------------
     0 | D:1      | rogsnak the Naga Air Elementalist began the quest for the
                  | Orb.
     0 | D:1      | Reached XP level 1. HP: 15/15 MP: 3/3
   334 | D:1      | Reached XP level 2. HP: 13/22 MP: 0/5
   511 | D:1      | Found Zaosch's Weapon Shoppe.
   796 | D:1      | Found Jixuq's Jewellery Boutique.
  1048 | D:2      | Found a faded altar of an unknown god.
  1147 | D:2      | Noticed Natasha
  1153 | D:2      | Killed Natasha
  1154 | D:2      | Reached XP level 3. HP: 10/28 MP: 0/6
  1646 | D:2      | Reached XP level 4. HP: 36/36 MP: 0/8
  1727 | D:2      | Learned a level 4 spell: Airstrike
  1730 | D:2      | Learned a level 2 spell: Blink
  2215 | D:2      | Reached skill level 3 in Spellcasting
  2261 | D:2      | Reached XP level 5. HP: 37/42 MP: 6/9
  2318 | D:2      | Noticed Natasha
  2326 | D:2      | Killed Natasha
  3558 | D:2      | Noticed Natasha
  3563 | D:2      | Killed Natasha
  3926 | D:3      | You fall into a shaft and drop 3 floors!
  3965 | D:6      | Reached XP level 6. HP: 27/50 MP: 4/11
  4286 | D:6      | Noticed Menkaure
  4300 | D:6      | Reached skill level 4 in Spellcasting
  4304 | D:6      | Reached XP level 7. HP: 6/56 MP: 2/13
  4721 | D:6      | Found an ornate altar of the Wu Jian Council.
  4721 | D:6      | Found an iron altar of Okawaru.
  4805 | D:6      | Reached skill level 5 in Air Magic
  4990 | D:6      | Reached skill level 5 in Conjurations
  5091 | D:6      | Reached XP level 8. HP: 37/63 MP: 2/15
  5418 | D:6      | Noticed Sigmund
  5483 | D:6      | Reached skill level 1 in Fighting
  5483 | D:6      | Reached skill level 5 in Spellcasting
  5718 | D:5      | Entered Level 5 of the Dungeon
  5928 | D:4      | Found Nyroc's Armour Shoppe.
  6315 | D:4      | Found a shimmering altar of Xom.
  6450 | D:4      | Found a staircase to the Ecumenical Temple.
  6591 | Temple   | Entered the Ecumenical Temple
  6602 | Temple   | Became a worshipper of Sif Muna the Loreminder
  7089 | D:3      | Reached * piety under Sif Muna
  7597 | D:3      | Reached ** piety under Sif Muna
  7895 | D:4      | Found a runed translucent door.
  7897 | D:4      | Noticed issech's ghost (amateur TrFi)
  8432 | D:5      | Noticed Pikel
  8524 | D:5      | Killed Pikel
  8525 | D:5      | Reached skill level 6 in Spellcasting
  8525 | D:5      | Reached XP level 9. HP: 21/72 MP: 4/18
  8971 | D:5      | Found Qeip's Weapon Shoppe.
  9305 | D:6      | Killed Sigmund
  9540 | D:6      | Killed Menkaure
  9541 | D:6      | Reached skill level 1 in Translocations
 10034 | D:7      | Learned a level 5 spell: Lightning Bolt
 10049 | D:7      | Learned a level 4 spell: Hailstorm
 10154 | D:7      | Found a glowing golden altar of the Shining One.
 10289 | D:7      | Reached skill level 7 in Spellcasting
 10344 | D:7      | Found an ancient bone altar of Kikubaaqudgha.
 10374 | D:7      | Reached XP level 10. HP: 71/80 MP: 5/21
 10636 | D:8      | Found a radiant altar of Vehumet.
 10777 | D:8      | Noticed a two-headed ogre
 10790 | D:8      | Killed a two-headed ogre
 10791 | D:8      | Reached skill level 8 in Spellcasting
 10933 | D:8      | Noticed Maggie
 10945 | D:8      | Noticed Psyche
 10949 | D:8      | Killed Psyche
 11050 | D:8      | Reached *** piety under Sif Muna
 11167 | D:8      | Noticed Prince Ribbit
 11171 | D:8      | Killed Prince Ribbit
 11498 | D:8      | Noticed Erica
 11866 | D:8      | Killed Erica
 12128 | D:8      | Killed Maggie
 12129 | D:8      | Reached skill level 9 in Spellcasting
 12381 | D:8      | Reached XP level 11. HP: 86/86 MP: 3/24
 12509 | D:9      | Found a blossoming altar of Fedhas.
 12699 | D:9      | Noticed a two-headed ogre
 12704 | D:9      | Killed a two-headed ogre
 12839 | D:9      | Found a sparkling altar of Nemelex Xobeh.
 13343 | D:9      | Reached skill level 10 in Spellcasting
 13705 | D:9      | Noticed a centaur warrior
 13718 | D:9      | Killed a centaur warrior
 14024 | D:10     | Entered Level 10 of the Dungeon
 14125 | D:10     | Reached **** piety under Sif Muna
 14529 | D:10     | Noticed Gastronok
 14765 | D:10     | Noticed Joseph
 14769 | D:10     | Killed Joseph
 14770 | D:10     | Reached skill level 10 in Air Magic
 15257 | D:11     | Noticed Snorg
 15273 | D:11     | Noticed a manticore
 15279 | D:11     | Killed a manticore
 15494 | D:11     | Found a staircase to the Lair.
 15734 | D:11     | Noticed a cyclops
 15741 | D:11     | Killed a cyclops
 15904 | D:11     | Noticed Harold
 15916 | D:11     | Killed Harold
 16037 | D:11     | Found a staircase to the Orcish Mines.
 16094 | D:11     | Noticed a manticore
 16101 | D:11     | Killed a manticore
 16102 | D:11     | Reached skill level 11 in Spellcasting
 16267 | D:11     | Found a portal to a secret trove of treasure.
 16282 | D:11     | Reached XP level 12. HP: 84/96 MP: 23/27
 16769 | D:11     | Slain by a manticore

Illustrated notes

Levels and vault maps discovered:
D:1:      dpeg_arrival_more_subterranean_lakeside_camping, layout_basic,
          serial_shops, shop_statue, nicolae_lakefront_shop,
          minmay_misc_feat_nine_boxes, kennysheep_decorative_pillar,
          kennysheep_nondescript
D:2:      layout_loops_corners, serial_forest, infiniplex_forest_end_3,
          infiniplex_forest_straight_4, infiniplex_forest_straight_2,
          infiniplex_forest_lined_2, infiniplex_forest_lined_2,
          infiniplex_forest_clump_large, infiniplex_forest_lined_3,
          chequers_ecumenical_altar_simple_redux, supply_closet_lemuel,
          chequers_jeans, minmay_pentomino_x2, uniq_natasha
D:3:      minmay_goblin_kobold_castle, layout_rooms
D:4:      layout_basic, marbit_many_paths, temple_fountains, serial_shops, shop,
          ebering_ghost_reflecting_pool
D:5:      layout_loops_ring, serial_shops, nicolae_shop_bloodbath_and_beyond,
          item_on_display_a, uniq_pikel
D:6:      layout_loops_ring, gammafunk_temple_overflow_statue, serial_undead,
          serial_undead_a, serial_undead_e, serial_undead_f, serial_undead_d,
          serial_undead_d, serial_undead_a, serial_undead_e,
          nicolae_grassy_gnolls, uniq_sigmund, uniq_menkaure
D:7:      layout_rooms, nicolae_tso_swordbearing_angel, kennysheep_mini,
          glass_columns_b
D:8:      minmay_diamond_stairs, layout_gridville, fiery_altar_vehumet,
          uniq_prince_ribbit1, uniq_psyche, uniq_maggie, uniq_erica
D:9:      layout_gridville, lemuel_round_altar, mainiacjoe_overflow_alcove_1,
          minmay_misc_feat_pillars, serial_park_tiny_1
D:10:     layout_basic, uniq_gastronok, uniq_joseph
D:11:     layout_loops_corners, lair_entry_dummy, orc_0_dummy, enter_trove_0,
          uniq_harold, uniq_snorg
D:12:     layout_roguey, uniq_fannar, uniq_sonja
Temple:   eino_temple_water

Skill      XL: |  1  2  3  4  5  6  7  8  9 10 11 |
---------------+----------------------------------+-----
Conjurations   | 2 3 4 5 7 8 9 |  9.8
Spellcasting   | 3 4 6 7 9 11 | 11.1
Air Magic      | 4 5 6 7 9 10 | 10.8
Dodging        | 2 3 |  3.3
Fighting       | 1 2 |  2.4
Translocations | 1 2 |  2.0
Stealth        | |  3.0
Shields        | |  0.1
Evocations     | |  0.4

Action                   |  1- 3 |  4- 6 |  7- 9 | 10-12 || total
-------------------------+-------+-------+-------+-------++-------
Melee: Short sword       |    10 |     1 |       |       ||    11
       Unarmed           |     3 |       |       |       ||     3
       Spear             |       |   171 |    19 |       ||   190
       Punch             |       |     3 |     1 |     1 ||     5
       Whip              |       |       |    15 |    38 ||    53
       Staff             |       |       |       |    17 ||    17
 Cast: Shock             |    58 |    78 |   236 |    74 ||   446
       Blink             |       |       |     3 |     1 ||     4
       Airstrike         |       |       |    23 |   167 ||   190
       Hailstorm         |       |       |       |     1 ||     1
 Abil: Spit Poison       |     6 |     6 |    10 |     2 ||    24
Evoke: Wand              |       |       |       |     4 ||     4
  Use: Scroll            |       |       |       |     3 ||     3
 Stab: Sleeping          |       |       |     1 |     1 ||     2
       Paralysed         |       |       |       |    10 ||    10
Armor: Robe              |     7 |     6 |    38 |    10 ||    61
       Steam dragon scal |       |       |       |    58 ||    58
Dodge: Dodged            |    12 |    19 |    62 |    68 ||   161
Block: Buckler           |       |       |       |    19 ||    19

Table legend: (Time is in decaauts)
 A = Elapsed time spent in this place.
 B = Non-inter-level travel time spent in this place.
 C = Inter-level travel time spent in this place.
 D = Time resting spent in this place.
 E = Time spent auto-exploring this place.
 F = Levels seen in this place.
 G = Mean time per level.
                   A        B        C        D        E       F      G
               +--------+--------+--------+--------+--------+-----+--------+
         Total |  20340 |  20095 |    245 |   5657 |   8136 |  13 | 1564.6 |
       Dungeon |  20307 |  20062 |    245 |   5657 |   8134 |  12 | 1692.2 |
        Temple |     33 |     33 |      0 |      0 |      1 |   1 |   33.0 |
               +--------+--------+--------+--------+--------+-----+--------+

Top non-repeatable levels by time:
     D:2: 3123 daAuts
     D:6: 3043 daAuts
     D:8: 2348 daAuts
    D:11: 1934 daAuts
     D:9: 1814 daAuts
     D:4: 1790 daAuts
     D:3: 1590 daAuts
    D:10: 1430 daAuts
     D:1: 1265 daAuts
     D:5: 1188 daAuts
     D:7: 765 daAuts
  Temple: 33 daAuts
    D:12: 11 daAuts
